 Dungeon Crawl Stone Soup version 0.23.2-33-g5129a83184 (webtiles) character file.

Game seed: 14696721571286856947

98 Folque the Gusty (level 4, -1/35 HPs)
             Began as a Draconian Air Elementalist on July 2, 2019.
             Killed from afar by Natasha (9 damage)
             ... with a magic dart
             ... on level 2 of the Dungeon.
             The game lasted 00:05:08 (1091 turns).

Folque the Gusty (Draconian Air Elementalist)       Turns: 1091, Time: 00:05:08

Health: -1/35      AC:  6    Str: 10    XL:     4   Next: 44%
Magic:  4/8        EV: 12    Int: 16    God:
Gold:   46         SH:  0    Dex: 12    Spells: 3/9 levels left

rFire    . . .     SeeInvis .   h - +2 whip (venom)
rCold    . . .     Gourm    .   (no shield)
rNeg     . . .     Faith    .   (armour unavailable)
rPois    .         Spirit   .   (helmet restricted)
rElec    .         Reflect  .   c - +0 cloak
rCorr    .         Harm     .   (no gloves)
MR       .....                  (no boots)
Stlth    ++........             (no amulet)
HPRegen  0.11/turn              (no ring)
MPRegen  0.11/turn              (no ring)

@: about to teleport
A: unfitting armour, cold-blooded, AC +5
a: no special abilities


You were on level 2 of the Dungeon.
You were not hungry.

You visited 1 branch of the dungeon, and saw 2 of its levels.

You collected 46 gold pieces.

Inventory:

Hand Weapons
 f - a +0 dagger
 h - a +2 whip of venom (weapon)
Armour
 c - a +0 cloak (worn)
 j - a +0 pair of boots
Jewellery
 e - an uncursed ring of poison resistance {unknown}
Scrolls
 a - a scroll of teleportation
 g - 3 scrolls of identify {unknown}
 i - a scroll of fear {unknown}
Comestibles
 b - 7 rations
 d - 4 chunks of flesh


   Skills:
 - Level 1.0 Fighting
 - Level 1.7 Dodging
 - Level 1.7 Stealth
 - Level 3.0 Spellcasting
 + Level 2.4 Conjurations
 + Level 3.7 Air Magic


You had 3 spell levels left.
You knew the following spells:

 Your Spells              Type           Power        Failure   Level  Hunger
a - Shock                 Conj/Air       ##..         5%          1    #......
b - Swiftness             Chrm/Air       #.......     13%         2    ##.....
c - Static Discharge      Conj/Air       ##......     16%         3    ###....

Your spell library contained the following spells:

 Spells                   Type           Power        Failure   Level  Hunger
 Airstrike                Air            ##........   36%         4    #####..
 Lightning Bolt           Conj/Air       ##........   82%         5    ######.


Dungeon Overview and Level Annotations

Branches:
Dungeon (2/15)

Altars:

Annotations:
D:2 Natasha


Innate Abilities, Weirdness & Mutations

Your plain brown scales are hard. (AC +5)
You cannot fit into any form of body armour.
You are cold-blooded and may be slowed by cold attacks.


Message History

This raw flesh tastes terrible.
A worm comes into view.
Natasha, Servant of Life and Death comes into view.
Natasha moves out of view.
Natasha hisses angrily.
Casting: Shock (safe; 5% risk of failure)
Confirm with . or Enter, or press ? or * to list all spells.
Aiming: Shock (safe; 5% risk of failure)
Press: ? - help, Shift-Dir - straight line The zap misses Natasha.
Natasha hisses.
Natasha casts a spell at you. The magic dart hits you!
* * * LOW HITPOINT WARNING * * *
You aren't carrying any potions.
As you read the scroll labeled ZIAREL WIYBRES, it crumbles to dust.
You feel strangely unstable.
It was a scroll of teleportation.
Natasha stares at you and mumbles some strange words.
The magic dart hits you!
You die...

............# #...
............# #####...
#......)...# #.......
#..........# #.###...
...>........# #...
.....w......# #...
##..........# #...
##......##### #...
..h.....@.÷.# ####
.........##.#
.........##.######'###
##....>..##...h..§....
#.......######5......
#######.. ....... ###
....... ..$....
....S..


You could see a worm and Natasha.

Vanquished Creatures
  Natasha (D:2)
  3 adders (D:2)
  A worm (D:2)
  A dart slug (D:1)
  An orc (D:2)
  6 giant cockroaches
  8 goblins
  4 hobgoblins
  5 kobolds (D:1)
  A ball python (D:1)
  2 bats (D:1)
  3 frilled lizards (D:1)
  3 rats (D:1)
39 creatures vanquished.

Notes
Turn   | Place    | Note
-------+----------+-------------------------------------------
     0 | D:1      | Folque the Draconian Air Elementalist began the quest for
                  | the Orb.
     0 | D:1      | Reached XP level 1. HP: 14/14 MP: 3/3
   100 | D:1      | Reached XP level 2. HP: 20/22 MP: 3/5
   109 | D:1      | Learned a level 2 spell: Swiftness
   219 | D:1      | Reached skill level 1 in Fighting
   422 | D:1      | Reached XP level 3. HP: 28/28 MP: 4/6
   433 | D:1      | Learned a level 3 spell: Static Discharge
  1031 | D:2      | Noticed Natasha
  1044 | D:2      | Reached XP level 4. HP: 18/35 MP: 0/8
  1049 | D:2      | Killed Natasha
  1088 | D:2      | Noticed Natasha
  1091 | D:2      | Killed from afar by Natasha

Skill      XL: |  1  2  3 |
---------------+----------+-----
Fighting       | 1 |  1.0
Spellcasting   | 3 |  3.0
Conjurations   | 2 |  2.4
Dodging        | |  1.7
Stealth        | |  1.7
Air Magic      | |  3.7

Action                   |  1- 3 |  4- 6 || total
-------------------------+-------+-------++-------
Melee: Unarmed           |    37 |       ||    37
       Tailslap          |     9 |     1 ||    10
       Whip              |    40 |     4 ||    44
       Dagger            |     4 |       ||     4
 Cast: Shock             |    32 |     2 ||    34
       Swiftness         |     1 |       ||     1
       Static Discharge  |     3 |       ||     3
  Use: Scroll            |       |     1 ||     1
  Eat: Chunk             |     1 |     1 ||     2
Armor: Skin              |    27 |       ||    27
Dodge: Dodged            |    74 |     3 ||    77
